 Dungeon Crawl Stone Soup version 0.28-a0-906-g0406aca7d3 (webtiles) character file.

Game seed: 1329195030580812969

39141 gigimoi the Warrior (level 14, 0/141 HPs)
             Began as a Hill Orc Monk on Nov 23, 2021.
             Was a High Priest of Beogh.
             Slain by an entropy weaver (9 damage)
             ... on level 4 of the Lair of Beasts.
             The game lasted 01:09:41 (23704 turns).

gigimoi the Warrior (Hill Orc Monk)                Turns: 23704, Time: 01:09:42

Health: 0/141      AC: 11    Str: 19    XL:     14   Next: 5%
Magic:  18/18      EV:  7    Int: 10    God:    Beogh [*****.]
Gold:   864        SH:  0    Dex: 13    Spells: 19/19 levels left

rFire   + . .      SeeInvis .   f - +2 rapier (speed)
rCold   . . .      Faith    .   (no shield)
rNeg    . . .      Spirit   .   q - +3 plate armour
rPois   +          Reflect  .   (no helmet)
rElec   .          Harm     .   o - +1 cloak
rCorr   .          Rampage  .   H - +0 pair of gloves
Will    +....                   F - +0 pair of boots
Stlth   ..........              i - amulet of regeneration
HPRegen 1.33/turn               g - ring of protection from fire
MPRegen 0.16/turn               M - ring of poison resistance

@: corroded, invisible
A: walk on water
a: Renounce Religion, Smiting, Recall Orcish Followers, Give Item to Named
Follower


You were on level 4 of the Lair of Beasts.
You worshipped Beogh.
Beogh was extremely pleased with you.
You visited 2 branches of the dungeon, and saw 16 of its levels.
You also visited: Sewer.

You collected 864 gold pieces.

Inventory:

Hand Weapons
 f - a +2 rapier of speed (weapon)
 n - a +1 vorpal hunting sling
 B - a +3 trident
Missiles
 s - 348 stones (quivered)
Armour
 o - a +1 cloak (worn)
 q - a +3 plate armour (worn)
 A - a +3 leather armour of cold resistance
 D - a scarf of invisibility
 F - a +0 pair of boots (worn)
 H - a +0 pair of gloves (worn)
Jewellery
 g - a ring of protection from fire (left hand)
 i - an amulet of regeneration (around neck)
 y - a +4 ring of evasion
 M - a ring of poison resistance (right hand)
Wands
 e - a wand of flame (27)
 v - a wand of iceblast (4)
 G - a wand of polymorph (10)
 J - a wand of digging (4)
 N - a wand of acid (9)
Scrolls
 k - 4 scrolls of teleportation
 l - 4 scrolls of fear
 C - 2 scrolls of blinking
 E - a scroll of silence
 K - a scroll of fog
 L - a scroll of magic mapping
 O - a scroll of vulnerability
Potions
 b - 3 potions of flight
 c - 2 potions of degeneration
 d - 2 potions of brilliance
 h - a potion of curing
 r - 3 potions of lignification
 u - 3 potions of attraction
 w - a potion of invisibility
 x - a potion of ambrosia {unknown}
 z - 5 potions of magic
 I - 2 potions of might {unknown}


   Skills:
 * Level 17.9 Fighting
 + Level 9.3 Short Blades
 + Level 14.4 Axes
 + Level 11.6 Armour
 - Level 2.8 Dodging
 - Level 2.2 Stealth
 - Level 3.2 Spellcasting
 - Level 4.0 Invocations


You had 19 spell levels left.
You didn't know any spells.
Your spell library contained the following spells:

 Spells                   Type           Power      Damage    Failure   Level
 Animate Skeleton         Necr           2%         N/A       99%         1
 Foxfire                  Conj/Fire      4%         2x1d4     99%         1
 Freeze                   Ice            4%         1d3       99%         1
 Pain                     Necr           4%         1d4       99%         1
 Summon Small Mammal      Summ           4%         N/A       99%         1
 Ensorcelled Hibernation  Hex/Ice        2%         N/A       100%        2
 Call Canine Familiar     Summ           1%         N/A       100%        3
 Conjure Flame            Conj/Fire      1%         6-21      100%        3
 Frozen Ramparts          Ice            2%         1d2       100%        3
 Gell's Gravitas          Tloc           1%         N/A       100%        3
 Ignite Poison            Fire/Tmut/Pois 1%         N/A       100%        3
 Inner Flame              Hex/Fire       1%         N/A       100%        3
 Lesser Beckoning         Tloc           1%         N/A       100%        3
 Mephitic Cloud           Conj/Pois/Air  1%         N/A       100%        3
 Summon Guardian Golem    Hex/Summ       1%         N/A       100%        3
 Teleport Other           Tloc           1%         N/A       100%        3
 Tukima's Dance           Hex            1%         N/A       100%        3
 Vampiric Draining        Necr           1%         2d6       100%        3
 Cause Fear               Hex            0%         N/A       100%        4
 Flame Wave               Conj/Fire      1%         3d3       100%        4
 Hailstorm                Conj/Ice       1%         3d3       100%        4
 Freezing Cloud           Conj/Ice/Air   0%         6-21      100%        5
 Discord                  Hex            0%         N/A       100%        8


Dungeon Overview and Level Annotations

Branches:
Dungeon (10/15)            Temple (0/1) D:7            Lair (6/6) D:8
  Swamp (0/4) Lair:3        Snake (0/4) Lair:4        Slime (0/5) Lair:5
  Sewer (visited)
    Orc: D:9-12

Altars:
Ru
Jiyva

Shops:
D:9 *

Annotations:
Lair:3 3 runed translucent doors, Ruicvywi's ghost, journeyman OgTm
Lair:4 exclusion: 3 oklob plants
Lair:5 1 runed translucent door


Message History

You barely miss the entropy weaver.
The entropy weaver is severely wounded.
The entropy weaver gestures at you while chanting.
The entropic weave corrodes you!
You hit the entropy weaver but do no damage.
The entropy weaver is severely wounded.
You hit the entropy weaver.
The entropy weaver is severely wounded.
The entropy weaver hits you but does no damage.
The entropy weaver hits you.
* * * LOW HITPOINT WARNING * * *
The entropy weaver hits you.
* * * LOW HITPOINT WARNING * * *
The entropy weaver hits you but does no damage.
You barely miss the entropy weaver.
The entropy weaver is severely wounded.
The entropy weaver hits you.
* * * LOW HITPOINT WARNING * * *
The entropy weaver hits you but does no damage.
The entropy weaver hits you.
* * * LOW HITPOINT WARNING * * *
The entropy weaver hits you.
* * * LOW HITPOINT WARNING * * *
You miss the entropy weaver.
The entropy weaver is severely wounded.
You barely miss the entropy weaver.
The entropy weaver is severely wounded.
The entropy weaver hits you but does no damage.
The entropy weaver hits you.
* * * LOW HITPOINT WARNING * * *
The entropy weaver hits you but does no damage. x2
You fade into invisibility!
The entropy weaver hits you!
* * * LOW HITPOINT WARNING * * *
The entropy weaver barely misses you. x3
The entropy weaver hits you.
* * * LOW HITPOINT WARNING * * *
The entropy weaver hits you but does no damage.
The entropy weaver hits you!
You die...

###..P.#.......+....##....##.....
# #..................+.....#.....
#####.##........#...##....##.....
.## ####........#.#.##....#..#.##
..###..........##.####.....#...##
..................>..............
.................................
...################..............
...#...........÷@.#.............>
...#.############B#..............
...#.# #.#.............. ...#.#
#.#........P.##.. ...#.#
#.#...........#.# ...#.#
#.#........###... ...#.#
#.#........###... ...#†#
#÷#.........#.... ...#.#
#........###...


You could see an entropy weaver.

Vanquished Creatures
  An entropy weaver (Lair:4)
  4 hydras
  A boulder beetle (Lair:2)
  Erica (D:8)
  3 death yaks (Lair:5)
  3 fire crabs (Lair:4)
  A lindwurm (Lair:3)
  2 bog bodies (Lair:3)
  Pikel (D:4)
  16 elephants
  6 black mambas
  17 cane toads
  Psyche (D:8)
  6 komodo dragons
  3 rime drakes (Lair:5)
  8 blink frogs
  4 wyverns
  2 basilisks
  28 yaks
  Eustachio (D:6)
  3 steam dragons
  An acid dragon (D:8)
  15 water moccasins
  Duvessa (D:6)
  A floating eye (Lair:4)
  2 orc warriors (D:8)
  A black bear (Lair:2)
  A hornet zombie (D:7)
  An ice beast (D:5)
  Pargi (Sewer)
  9 ogres
  A necrophage (D:7)
  11 wolves
  A phantom (D:5)
  13 bullfrogs
  A gnoll sergeant (D:8)
  A wyvern zombie (D:7)
  A scorpion (D:5)
  2 wyvern skeletons (D:5)
  Dowan (D:6)
  6 killer bees
  2 wights (D:8)
  2 electric eels
  3 howler monkeys (D:9)
  3 bullfrog zombies
  2 centaur skeletons
  4 gnoll shamans
  4 hounds
  An iguana (D:5)
  Natasha (thrice) (D:4)
  An orc wizard (D:8)
  A killer bee zombie (D:6)
  A hound skeleton (D:4)
  22 gnolls
  5 adders
  A white imp (D:7)
  An ufetubus (D:7)
  An adder skeleton (D:5)
  5 dart slugs
  15 orcs
  2 bats (D:2)
  10 endoplasms
  3 giant cockroaches
  3 goblins
  3 hobgoblins
  6 kobolds
  2 quokkas (D:1)
  17 ball pythons
  8 frilled lizards
  4 rats
  A spectral hobgoblin (D:2)
319 creatures vanquished.

Vanquished Creatures (collateral kills)
  3 cane toads
  3 slime creatures (D:9)
  2 yaks (Lair:5)
  2 orc warriors (D:8)
  An ice beast (D:5)
  3 centaurs
  2 kobold brigands (D:8)
  7 killer bees
  A wight (D:8)
  A gnoll shaman (D:8)
  An orc wizard (D:9)
  A killer bee zombie (D:8)
  2 gnolls (D:8)
  An ufetubus (D:5)
  An orc (D:8)
31 creatures vanquished.

Vanquished Creatures (others)
  An orc knight (Lair:2)
  3 orc warriors
  2 orc priests
  A howler monkey (D:5)
  An orc wizard (D:5)
  5 orcs
  An endoplasm (D:1)
  A hobgoblin (D:4)
  38 fungi
  63 plants
116 creatures vanquished.

Grand Total: 466 creatures vanquished

Notes
Turn   | Place    | Note
-------+----------+-------------------------------------------
     0 | D:1      | gigimoi the Hill Orc Monk began the quest for the Orb.
     0 | D:1      | Reached XP level 1. HP: 19/19 MP: 1/1
    62 | D:1      | You fall into a shaft and drop 1 floor!
   207 | D:1      | Reached XP level 2. HP: 22/27 MP: 2/2
   454 | D:1      | Reached skill level 4 in Fighting
   458 | D:1      | Reached XP level 3. HP: 17/33 MP: 3/3
  1195 | D:2      | Found a faded altar of an unknown god.
  2276 | D:3      | Reached XP level 4. HP: 40/40 MP: 4/4
  3184 | D:3      | Reached skill level 1 in Armour
  3527 | D:4      | Reached XP level 5. HP: 41/47 MP: 5/5
  3539 | D:4      | Reached skill level 5 in Axes
  3697 | D:4      | Reached skill level 5 in Fighting
  4201 | D:4      | Reached skill level 1 in Spellcasting
  4363 | D:4      | Noticed an ogre
  4414 | D:4      | HP: 1/48 [ogre (4)]
  4421 | D:4      | Killed an ogre
  4422 | D:4      | Reached XP level 6. HP: 3/57 MP: 7/7
  4960 | D:4      | Reached skill level 6 in Fighting
  5305 | D:4      | Noticed Natasha
  5336 | D:4      | Killed Natasha
  5428 | D:4      | Noticed Pikel
  5471 | D:4      | Reached XP level 7. HP: 62/63 MP: 9/9
  5685 | D:4      | You fall into a shaft and drop 1 floor!
  5685 | D:5      | Entered Level 5 of the Dungeon
  5947 | D:5      | Reached skill level 7 in Fighting
  6123 | D:5      | Reached XP level 8. HP: 63/73 MP: 11/11
  6297 | D:5      | Became a worshipper of Beogh the Brigand
  6297 | D:5      | Reached * piety under Beogh
  6297 | D:5      | Reached ** piety under Beogh
  6333 | D:5      | Found a glowing drain.
  6342 | Sewer    | Entered a sewer
  6508 | Sewer    | Noticed Pargi
  6528 | Sewer    | Killed Pargi
  6958 | D:4      | Noticed Natasha
  6963 | D:4      | Killed Natasha
  6964 | D:4      | Reached skill level 8 in Fighting
  6993 | D:4      | Noticed Natasha
  7001 | D:4      | Killed Natasha
  7033 | D:4      | Killed Pikel
  7682 | D:5      | Reached skill level 9 in Fighting
  7976 | D:6      | Reached XP level 9. HP: 82/83 MP: 13/13
  7998 | D:6      | Noticed Duvessa
  7998 | D:6      | Noticed Dowan
  8019 | D:6      | Killed Duvessa
  8020 | D:6      | Reached skill level 5 in Armour
  8020 | D:6      | Reached skill level 1 in Invocations
  8309 | D:6      | Noticed Eustachio
  8336 | D:6      | Killed Eustachio
  8358 | D:6      | Killed Dowan
  9089 | D:7      | Found a staircase to the Ecumenical Temple.
  9164 | D:7      | Reached skill level 10 in Fighting
  9190 | D:7      | Reached skill level 1 in Short Blades
 10087 | D:7      | Reached XP level 10. HP: 94/94 MP: 14/14
 10326 | D:8      | Noticed Psyche
 10339 | D:8      | Killed Psyche
 10340 | D:8      | Reached skill level 11 in Fighting
 10364 | D:8      | Found a staircase to the Lair.
 10521 | D:8      | Reached *** piety under Beogh
 11901 | D:9      | Found a sacrificial altar of Ru.
 11926 | D:9      | Reached skill level 12 in Fighting
 12134 | D:9      | Reached **** piety under Beogh
 12234 | D:9      | Reached skill level 10 in Axes
 12352 | D:9      | Found Demidgh's General Store.
 12387 | D:9      | Reached XP level 11. HP: 76/105 MP: 15/15
 12807 | D:10     | Entered Level 10 of the Dungeon
 13008 | D:10     | Reached skill level 13 in Fighting
 13130 | Lair:1   | Entered Level 1 of the Lair of Beasts
 13130 | Lair:1   | Noticed Erica
 13171 | D:8      | Killed Erica
 13172 | D:8      | Reached skill level 5 in Short Blades
 14359 | Lair:1   | You fall into a shaft and drop 1 floor!
 14367 | Lair:2   | Noticed an eight-headed hydra
 14381 | Lair:2   | Killed an eight-headed hydra
 14701 | Lair:2   | Reached skill level 14 in Fighting
 15178 | Lair:2   | Reached XP level 12. HP: 118/118 MP: 16/16
 15356 | Lair:2   | Noticed a four-headed hydra
 15369 | Lair:2   | Killed a four-headed hydra
 16054 | Lair:2   | Noticed a boulder beetle
 16161 | Lair:2   | Killed a boulder beetle
 16763 | Lair:3   | Reached skill level 15 in Fighting
 17162 | Lair:3   | Found a staircase to the Swamp.
 17165 | Lair:3   | HP: 6/121 [swamp worm/harpoon shot (21)]
 17570 | Lair:3   | Noticed a minotaur
 17571 | Lair:3   | Noticed Ruicvywi's ghost (journeyman OgTm)
 17636 | Lair:3   | Found a runed translucent gate.
 17636 | Lair:3   | Found a runed translucent gate.
 17639 | Lair:3   | Found a runed translucent gate.
 18556 | Lair:3   | Reached skill level 10 in Armour
 19018 | Lair:4   | Reached skill level 16 in Fighting
 19060 | Lair:4   | Paralysed by a floating eye for 4 turns
 19220 | Lair:4   | Found a runed translucent door.
 19379 | Lair:3   | Reached XP level 13. HP: 57/129 MP: 17/17
 19600 | Lair:4   | Found a staircase to the Snake Pit.
 20760 | Lair:5   | Found a runed translucent door.
 20840 | Lair:5   | Found a viscous altar of Jiyva.
 20841 | Lair:5   | Found a staircase to the Slime Pits.
 20888 | Lair:5   | Gained Gorbash as an ally
 21114 | Lair:5   | Your ally Gorbash died
 21899 | Lair:6   | Entered Level 6 of the Lair of Beasts
 22120 | Lair:6   | Reached skill level 17 in Fighting
 23156 | Lair:5   | HP: 6/134 [death yak (16)]
 23314 | Lair:4   | Reached ***** piety under Beogh
 23366 | Lair:4   | Noticed an entropy weaver
 23449 | Lair:4   | Killed an entropy weaver
 23450 | Lair:4   | Reached XP level 14. HP: 43/141 MP: 18/18
 23659 | Lair:4   | Noticed an entropy weaver
 23704 | Lair:4   | Slain by an entropy weaver

Illustrated notes

Levels and vault maps discovered:
D:1:      lightli_arrival_maybe_door_vault, layout_rooms, lemuel_flame_loot_1
D:2:      layout_loops_ring, dreamdust_ecumenical_altar_drowned_temple
D:3:      layout_loops_ring
D:4:      layout_basic, saegor_snake_ambush, uniq_pikel, uniq_natasha
D:5:      layout_basic, portal_sewer_entry_d
D:6:      layout_basic, uniq_eustachio, uniq_duvessa
D:7:      layout_loops_ring, minmay_temple_entry_junction
D:8:      kennysheep_seaside_town, layout_basic, lair_entry_dummy, uniq_psyche
D:9:      layout_cave_pools, hangedman_ru_absence, serial_shops,
          nicolae_shop_waterfront, mumra_transporter_accident
D:10:     layout_stronghold
Lair:1:   layout_hall_layers, serial_bayou_shore_b, uniq_erica
Lair:2:   layout_roguey, nzn_sisyphean_effort, serial_bayou_shore_b,
          grunt_megastairs_4, serial_bayou_shore_b
Lair:3:   layout_regular_city, nicolae_swamp_entry_splash_gauntlet,
          maelrawn_ghost_gauntlet_escape, grunt_forest_small_clearings,
          serial_bayou_lake_a, infiniplex_staircase_pool, serial_bayou_shore_b
Lair:4:   gammafunk_mikee_crab_dinner, layout_regular_city, dummy_snake_entry,
          disabler_island, serial_bayou_shore_b, serial_bayou_shore_b
Lair:5:   layout_gridlike, slime_altar_2, enter_volcano_2, serial_bayou_pond_c,
          chequers_serial_rivers_small_3, grunt_megastairs_5
Lair:6:   evilmike_catoblepas_cave, layout_loops_ring

Skill      XL: |  1  2  3  4  5  6  7  8  9 10 11 12 13 |
---------------+----------------------------------------+-----
Fighting       | 4 5 6 7 9 10 12 14 16 17 | 17.9
Stealth        | 2 |  2.2
Armour         | 1 2 3 4 6 7 9 10 11 | 11.6
Axes           | 5 6 7 8 10 11 13 14 | 14.4
Spellcasting   | 1 2 3 |  3.2
Invocations    | 4 |  4.0
Short Blades   | 2 4 6 7 9 |  9.3
Dodging        | |  2.8

Action                   |  1- 3 |  4- 6 |  7- 9 | 10-12 | 13-15 || total
-------------------------+-------+-------+-------+-------+-------++-------
Melee: Hand axe          |   139 |     5 |       |       |       ||   144
       Whip              |       |   176 |   478 |    88 |       ||   742
       Trident           |       |       |       |   771 |       ||   771
       Rapier            |       |       |       |   413 |   921 ||  1334
Throw: Stone             |       |    47 |     2 |     5 |       ||    54
Invok: Smiting           |       |       |     1 |     4 |       ||     5
       Convert to Beogh  |       |       |     1 |       |       ||     1
       Recall Orcish Fol |       |       |       |     1 |       ||     1
  Use: Scroll            |       |       |    13 |     8 |     2 ||    23
       Potion            |       |       |     1 |    11 |    13 ||    25
 Stab: Sleeping          |     2 |       |       |       |       ||     2
Armor: Robe              |    16 |       |       |       |       ||    16
       Plate armour      |       |    87 |   294 |   850 |   587 ||  1818
Dodge: Dodged            |    78 |    39 |   175 |   592 |   267 ||  1151

Table legend: (Time is in decaauts)
 A = Elapsed time spent in this place.
 B = Non-inter-level travel time spent in this place.
 C = Inter-level travel time spent in this place.
 D = Time resting spent in this place.
 E = Time spent auto-exploring this place.
 F = Levels seen in this place.
 G = Mean time per level.
                   A        B        C        D        E       F      G
               +--------+--------+--------+--------+--------+-----+--------+
         Total |  23300 |  21472 |   1828 |   6459 |   9250 |  17 | 1370.6 |
       Dungeon |  13597 |  12501 |   1096 |   4034 |   5652 |  10 | 1359.7 |
          Lair |   9314 |   8582 |    732 |   2346 |   3429 |   6 | 1552.3 |
         Sewer |    388 |    388 |      0 |     78 |    168 |   1 |  388.0 |
               +--------+--------+--------+--------+--------+-----+--------+

Top non-repeatable levels by time:
     D:4: 2833 daAuts
  Lair:3: 2250 daAuts
  Lair:2: 1798 daAuts
     D:8: 1685 daAuts
  Lair:4: 1653 daAuts
  Lair:5: 1649 daAuts
  Lair:1: 1482 daAuts
     D:5: 1397 daAuts
     D:3: 1325 daAuts
     D:2: 1294 daAuts
     D:7: 1268 daAuts
     D:6: 1234 daAuts
     D:1: 1177 daAuts
     D:9: 1152 daAuts
  Lair:6: 479 daAuts
